| TOP OF THE 1ST |
|
Erie SeaWolves batting - Pitching for Chattanooga Lookouts : RHP Justin Gorden
|
|
Pitching: RHP Justin Gorden
|
|
|
Batting: RHB Eric Angelle
|
0-0: Swinging Strike 0-1: Foul Ball, location: 2F 0-2: Strikes out swinging
|
|
Batting: LHB Freddy Troncoso
|
0-0: SINGLE (Groundball, 4MD, EV 101.2 MPH)
|
|
Batting: LHB Jon Frederick
|
0-0: Ball 1-0: Called Strike Freddy Troncoso steals 2nd base 1-1: Ground out 1-3 (Groundball, P, EV 70.0 MPH) Freddy Troncoso to third
|
|
Batting: RHB Steve Clark
|
0-0: Called Strike 0-1: Ball 1-1: Foul Ball, location: 2F 1-2: Foul Ball, location: 2F 1-2: Foul Ball, location: 2F 1-2: Ball 2-2: Ball 3-2: SINGLE (Line Drive, 4D, EV 96.9 MPH) Freddy Troncoso scores
|
|
Batting: RHB Adam MacConnell
|
0-0: Foul Ball, location: 2F 0-1: Ground out 5-3 (Groundball, 56S, EV 65.0 MPH)
|
| Top of the 1st over - 1 run, 2 hits, 0 errors, 1 left on base; Erie 1 - Chattanooga 0 |
| BOTTOM OF THE 1ST |
|
Chattanooga Lookouts batting - Pitching for Erie SeaWolves : RHP Adam Huemmer
|
|
Pitching: RHP Adam Huemmer
|
|
|
Batting: RHB J.J. Powers
|
0-0: Ball 1-0: Ball 2-0: Ball 3-0: Called Strike 3-1: Base on Balls
|
|
Batting: RHB Jesse Scott
|
0-0: Ball 1-0: Called Strike 1-1: Ball 2-1: Called Strike 2-2: Foul Ball, location: 2F 2-2: Ball 3-2: Foul Ball, location: 2F 3-2: Fly out, F7 (Flyball, 7, EV 85.6 MPH)
|
|
Batting: RHB Miguel Diaz
|
0-0: Ball J.J. Powers steals 2nd base 1-0: DOUBLE (Line Drive, 89XD, EV 105.0 MPH) J.J. Powers scores
|
|
Batting: LHB Jim Pankratz
|
0-0: Ball 1-0: Swinging Strike 1-1: Ground out 6-3 (Groundball, 6D, EV 89.4 MPH)
|
|
Batting: RHB Manuel Juarez
|
0-0: Called Strike 0-1: Ball 1-1: Fly out, F5 (Line Drive, 5L, EV 66.9 MPH)
|
| Bottom of the 1st over - 1 run, 1 hit, 0 errors, 1 left on base; Erie 1 - Chattanooga 1 |
| TOP OF THE 2ND |
|
Erie SeaWolves batting - Pitching for Chattanooga Lookouts : RHP Justin Gorden
|
|
Batting: RHB Aaron Cusick
|
0-0: Ball 1-0: Ball 2-0: TRIPLE (Flyball, 78XD, EV 103.1 MPH)
|
|
Batting: RHB Carlos Armenteros
|
0-0: Ball 1-0: DOUBLE (Line Drive, 89D, EV 97.5 MPH) Aaron Cusick scores
|
|
Batting: RHB Tanner Purchase
|
0-0: Called Strike 0-1: Foul Ball, location: 2F 0-2: Ground out 5-3 (Groundball, 56S, EV 68.8 MPH) Carlos Armenteros to third
|
|
Batting: SHB Sean Foley
|
0-0: Ground out 5-3 (Groundball, 56, EV 93.8 MPH) Carlos Armenteros scores
|
|
Batting: RHB Eric Angelle
|
0-0: Called Strike 0-1: Foul Ball, location: 2F 0-2: Strikes out swinging
|
| Top of the 2nd over - 2 runs, 2 hits, 0 errors, 0 left on base; Erie 3 - Chattanooga 1 |
| BOTTOM OF THE 2ND |
|
Chattanooga Lookouts batting - Pitching for Erie SeaWolves : RHP Adam Huemmer
|
|
Batting: LHB Justin Wenzel
|
0-0: Ball 1-0: Foul Ball, location: 2F 1-1: Fly out, F9 (Flyball, 89M, EV 91.2 MPH)
|
|
Batting: LHB Steve Roepke
|
0-0: Ball 1-0: Fly out, F9 (Line Drive, 89M, EV 90.6 MPH)
|
|
Batting: LHB Mike Handrahan
|
0-0: Ground out 4-3 (Groundball, 4, EV 90.0 MPH)
|
| Bottom of the 2nd over - 0 runs, 0 hits, 0 errors, 0 left on base; Erie 3 - Chattanooga 1 |
| TOP OF THE 3RD |
|
Erie SeaWolves batting - Pitching for Chattanooga Lookouts : RHP Justin Gorden
|
|
Batting: LHB Freddy Troncoso
|
0-0: Ball 1-0: Swinging Strike 1-1: Bunt missed! 1-2: Fly out, F2 (Popup, 13S, EV 45.6 MPH)
|
|
Batting: LHB Jon Frederick
|
0-0: Ball 1-0: Ground out 6-3 (Groundball, 4M, EV 102.5 MPH)
|
|
Batting: RHB Steve Clark
|
0-0: Called Strike 0-1: Swinging Strike 0-2: Ball 1-2: SINGLE (Groundball, 56D, EV 102.5 MPH)
|
|
Batting: RHB Adam MacConnell
|
0-0: Ball 1-0: Ball 2-0: Ball 3-0: Called Strike 3-1: Called Strike 3-2: Foul Ball, location: 2F 3-2: Base on Balls Steve Clark to second
|
|
Batting: RHB Aaron Cusick
|
0-0: Swinging Strike 0-1: Foul Ball, location: 2F 0-2: Strikes out swinging
|
| Top of the 3rd over - 0 runs, 1 hit, 0 errors, 2 left on base; Erie 3 - Chattanooga 1 |
| BOTTOM OF THE 3RD |
|
Chattanooga Lookouts batting - Pitching for Erie SeaWolves : RHP Adam Huemmer
|
|
Batting: LHB Seung-jun Chang
|
0-0: Ball 1-0: Ball 2-0: Foul Ball, location: 2F 2-1: Ball 3-1: Called Strike 3-2: Base on Balls
|
|
Batting: RHB J.J. Powers
|
0-0: Ball 1-0: Ball Seung-jun Chang is caught stealing 2nd base 2-4 2-0: Ball 3-0: Called Strike 3-1: Ground out 6-3 (Groundball, 6, EV 88.1 MPH)
|
|
Batting: RHB Jesse Scott
|
0-0: Ball 1-0: Ground out 5-3 (Groundball, 56S, EV 78.1 MPH)
|
| Bottom of the 3rd over - 0 runs, 0 hits, 0 errors, 0 left on base; Erie 3 - Chattanooga 1 |
| TOP OF THE 4TH |
|
Erie SeaWolves batting - Pitching for Chattanooga Lookouts : RHP Justin Gorden
|
|
Batting: RHB Carlos Armenteros
|
0-0: Ground out 6-3 (Groundball, 6, EV 108.1 MPH)
|
|
Batting: RHB Tanner Purchase
|
0-0: Ball 1-0: SINGLE (Groundball, 56S, EV 61.2 MPH) (infield hit)
|
|
Batting: SHB Sean Foley
|
0-0: Called Strike Tanner Purchase steals 2nd base 0-1: Ball 1-1: Foul Ball, location: 2F 1-2: Foul Ball, location: 2F 1-2: Ground out U3 (Groundball, 3, EV 81.2 MPH) Tanner Purchase to third
|
|
Batting: RHB Eric Angelle
|
0-0: Called Strike 0-1: Ground out 1-3 (Groundball, 15S, EV 70.6 MPH)
|
| Top of the 4th over - 0 runs, 1 hit, 0 errors, 1 left on base; Erie 3 - Chattanooga 1 |
| BOTTOM OF THE 4TH |
|
Chattanooga Lookouts batting - Pitching for Erie SeaWolves : RHP Adam Huemmer
|
|
Batting: RHB Miguel Diaz
|
0-0: Called Strike 0-1: Swinging Strike 0-2: Ground out 5-3 (Groundball, 56S, EV 81.2 MPH)
|
|
Batting: LHB Jim Pankratz
|
0-0: Ball 1-0: Ball 2-0: Foul Ball, location: 2F 2-1: Ball 3-1: Foul Ball, location: 2F 3-2: Foul Ball, location: 2F 3-2: Ground out U3 (Groundball, 3, EV 101.2 MPH)
|
|
Batting: RHB Manuel Juarez
|
0-0: Ball 1-0: Ball 2-0: Fly out, F4 (Flyball, 4D, EV 91.9 MPH)
|
| Bottom of the 4th over - 0 runs, 0 hits, 0 errors, 0 left on base; Erie 3 - Chattanooga 1 |
| TOP OF THE 5TH |
|
Erie SeaWolves batting - Pitching for Chattanooga Lookouts : RHP Justin Gorden
|
|
Batting: LHB Freddy Troncoso
|
0-0: Foul Ball, location: 2F 0-1: Foul Ball, location: 2F 0-2: Fly out, F5 (Popup, 5, EV 69.4 MPH)
|
|
Batting: LHB Jon Frederick
|
0-0: Ball 1-0: Called Strike 1-1: Ball 2-1: Ball 3-1: SINGLE (Groundball, 6M, EV 106.9 MPH) (infield hit)
|
|
Batting: RHB Steve Clark
|
0-0: Ball 1-0: SINGLE (Groundball, 15S, EV 75.6 MPH) (infield hit) Jon Frederick to second
|
|
Batting: RHB Adam MacConnell
|
0-0: SINGLE (Groundball, 56S, EV 66.9 MPH) (infield hit) Jon Frederick to third Steve Clark to second
|
|
Batting: RHB Aaron Cusick
|
0-0: Ball 1-0: Foul Ball, location: 2F 1-1: Called Strike 1-2: Foul Ball, location: 2F 1-2: Strikes out swinging
|
|
Batting: RHB Carlos Armenteros
|
0-0: Ball 1-0: Ball 2-0: Fielders Choice at 2nd, U6 (Groundball, 6M, EV 87.5 MPH)
|
| Top of the 5th over - 0 runs, 3 hits, 0 errors, 3 left on base; Erie 3 - Chattanooga 1 |
| BOTTOM OF THE 5TH |
|
Chattanooga Lookouts batting - Pitching for Erie SeaWolves : RHP Adam Huemmer
|
|
Batting: LHB Justin Wenzel
|
0-0: SOLO HOME RUN (Line Drive, 9LD, EV 90.6 MPH), Distance : 345 ft
|
|
Batting: LHB Steve Roepke
|
0-0: Called Strike 0-1: Ball 1-1: Swinging Strike 1-2: Ball 2-2: Ball 3-2: Foul Ball, location: 2F 3-2: Fly out, F1 (Line Drive, P, EV 66.9 MPH)
|
|
Batting: LHB Mike Handrahan
|
0-0: Called Strike 0-1: Swinging Strike 0-2: Foul Ball, location: 2F 0-2: Ball 1-2: Strikes out looking
|
|
Batting: LHB Seung-jun Chang
|
0-0: Ground out 1-3 (Groundball, 13S, EV 68.8 MPH)
|
| Bottom of the 5th over - 1 run, 1 hit, 0 errors, 0 left on base; Erie 3 - Chattanooga 2 |
| TOP OF THE 6TH |
|
Erie SeaWolves batting - Pitching for Chattanooga Lookouts : RHP Justin Gorden
|
|
Batting: RHB Tanner Purchase
|
0-0: Fly out, F9 (Line Drive, 9S, EV 95.0 MPH)
|
|
Batting: SHB Sean Foley
|
0-0: Foul Ball, location: 2F 0-1: Foul Ball, location: 2F 0-2: Ball 1-2: Ball 2-2: Fly out, F9 (Flyball, 9, EV 88.8 MPH)
|
|
Batting: RHB Eric Angelle
|
0-0: Called Strike 0-1: Ball 1-1: Foul Ball, location: 2F 1-2: Strikes out swinging
|
| Top of the 6th over - 0 runs, 0 hits, 0 errors, 0 left on base; Erie 3 - Chattanooga 2 |
| BOTTOM OF THE 6TH |
|
Chattanooga Lookouts batting - Pitching for Erie SeaWolves : RHP Adam Huemmer
|
|
Batting: RHB J.J. Powers
|
0-0: Called Strike 0-1: Ball 1-1: Ball 2-1: Called Strike 2-2: Foul Ball, location: 2F 2-2: Strikes out looking
|
|
Batting: RHB Jesse Scott
|
0-0: Ball 1-0: Called Strike 1-1: Swinging Strike 1-2: Ball 2-2: Ball 3-2: Foul Ball, location: 2F 3-2: Strikes out swinging
|
|
Pitching: RHP John Evancho
|
|
|
Batting: RHB Miguel Diaz
|
0-0: Ball 1-0: Ball 2-0: Ball 3-0: Called Strike 3-1: Called Strike 3-2: Strikes out swinging
|
| Bottom of the 6th over - 0 runs, 0 hits, 0 errors, 0 left on base; Erie 3 - Chattanooga 2 |
| TOP OF THE 7TH |
|
Erie SeaWolves batting - Pitching for Chattanooga Lookouts : RHP Justin Gorden
|
|
Batting: LHB Freddy Troncoso
|
0-0: Ball 1-0: Ball 2-0: Ground out 1-3 (Groundball, 13S, EV 72.5 MPH)
|
|
Batting: LHB Jon Frederick
|
0-0: Swinging Strike 0-1: Fly out, F6 (Popup, 6D, EV 68.8 MPH)
|
|
Batting: RHB Steve Clark
|
0-0: Ball 1-0: Foul Ball, location: 2F 1-1: DOUBLE (Line Drive, 78D, EV 101.9 MPH)
|
|
Batting: RHB Adam MacConnell
|
0-0: Ground out 4-3 (Groundball, 34, EV 103.1 MPH)
|
| Top of the 7th over - 0 runs, 1 hit, 0 errors, 1 left on base; Erie 3 - Chattanooga 2 |
| BOTTOM OF THE 7TH |
|
Chattanooga Lookouts batting - Pitching for Erie SeaWolves : RHP John Evancho
|
|
Batting: LHB Jim Pankratz
|
0-0: Ball 1-0: Ball 2-0: Ball 3-0: Called Strike 3-1: Foul Ball, location: 2F 3-2: DOUBLE (Flyball, 8RXD, EV 101.9 MPH)
|
|
Batting: RHB Manuel Juarez
|
0-0: Ground out 6-3 (Groundball, 6, EV 104.4 MPH)
|
|
Batting: LHB Justin Wenzel
|
0-0: Ball 1-0: Ball 2-0: Called Strike 2-1: Foul Ball, location: 2F 2-2: Strikes out swinging
|
|
Batting: LHB Steve Roepke
|
0-0: Ball 1-0: Ball 2-0: Foul Ball, location: 2F 2-1: Swinging Strike 2-2: Fly out, F6 (Popup, 4M, EV 56.9 MPH)
|
| Bottom of the 7th over - 0 runs, 1 hit, 0 errors, 1 left on base; Erie 3 - Chattanooga 2 |
| TOP OF THE 8TH |
|
Erie SeaWolves batting - Pitching for Chattanooga Lookouts : RHP Justin Gorden
|
|
Pitching: RHP Matthew Lange
|
|
|
Batting: RHB Aaron Cusick
|
0-0: Swinging Strike 0-1: Swinging Strike 0-2: Strikes out looking
|
|
Batting: RHB Carlos Armenteros
|
0-0: Ball 1-0: Called Strike 1-1: Swinging Strike 1-2: Ground out U3 (Groundball, 3, EV 77.5 MPH)
|
|
Batting: RHB Tanner Purchase
|
0-0: Called Strike 0-1: Foul Ball, location: 2F 0-2: SINGLE (Flyball, 89S, EV 90.0 MPH)
|
|
Batting: SHB Sean Foley
|
0-0: Called Strike Tanner Purchase steals 2nd base 0-1: Ground out 4-3 (Groundball, 4, EV 103.1 MPH)
|
| Top of the 8th over - 0 runs, 1 hit, 0 errors, 1 left on base; Erie 3 - Chattanooga 2 |
| BOTTOM OF THE 8TH |
|
Chattanooga Lookouts batting - Pitching for Erie SeaWolves : RHP John Evancho
|
|
Pitching: LHP Valentin Ciubotariu
|
|
|
Pinch Hitting: RHB Jose Nunez
|
0-0: Ball 1-0: Foul Ball, location: 2F 1-1: Ball 2-1: Fly out, F9 (Flyball, 89S, EV 86.2 MPH)
|
|
Pinch Hitting: LHB Peer Derks
|
0-0: Ball 1-0: Called Strike 1-1: Ball 2-1: Called Strike 2-2: Foul Ball, location: 2F 2-2: Ball 3-2: Foul Ball, location: 2F 3-2: Foul Ball, location: 2F 3-2: DOUBLE (Flyball, 89XD, EV 95.6 MPH)
|
|
Batting: RHB J.J. Powers
|
0-0: Foul Ball, location: 2F 0-1: Called Strike 0-2: Foul Ball, location: 2F 0-2: Strikes out swinging
|
|
Batting: RHB Jesse Scott
|
0-0: Called Strike 0-1: Foul Ball, location: 2F 0-2: Ball 1-2: Ball 2-2: Strikes out looking
|
| Bottom of the 8th over - 0 runs, 1 hit, 0 errors, 1 left on base; Erie 3 - Chattanooga 2 |
| TOP OF THE 9TH |
|
Erie SeaWolves batting - Pitching for Chattanooga Lookouts : RHP Matthew Lange
|
|
Now at 3B: Jose Nunez
|
|
|
Now in CF: Peer Derks
|
|
|
Batting: RHB Eric Angelle
|
0-0: Foul Ball, location: 2F 0-1: Ball 1-1: Foul Ball, location: 2F 1-2: Ball 2-2: Ball 3-2: Strikes out swinging
|
|
Batting: LHB Freddy Troncoso
|
0-0: Called Strike 0-1: Ball 1-1: Ball 2-1: Fly out, F7 (Flyball, 7S, EV 92.5 MPH)
|
|
Batting: LHB Jon Frederick
|
0-0: Ground out 4-3 (Groundball, 4, EV 101.2 MPH)
|
| Top of the 9th over - 0 runs, 0 hits, 0 errors, 0 left on base; Erie 3 - Chattanooga 2 |
| BOTTOM OF THE 9TH |
|
Chattanooga Lookouts batting - Pitching for Erie SeaWolves : LHP Valentin Ciubotariu
|
|
Pitching: RHP Cameron Maxwell
|
|
|
Now at 1B: Victor Reyes
|
|
|
Batting: RHB Miguel Diaz
|
0-0: Ball 1-0: Swinging Strike 1-1: Ball 2-1: Ball 3-1: Base on Balls
|
|
Batting: LHB Jim Pankratz
|
0-0: Foul Ball, location: 2F 0-1: SINGLE (Groundball, 6MS, EV 72.5 MPH) (infield hit) Miguel Diaz to second
|
|
Pinch Hitting: LHB Matt Robertson
|
0-0: Called Strike 0-1: Ball 1-1: Ball 2-1: Called Strike 2-2: Foul Ball, location: 2F 2-2: Ball 3-2: SINGLE (Groundball, 34D, EV 98.1 MPH) Miguel Diaz to third Jim Pankratz to second Runner from 3rd tries for Home, SAFE, throw by RF to home
|
|
Batting: LHB Justin Wenzel
|
0-0: Sac Bunt to 25 - play at first, batter OUT! 5-4 Jim Pankratz to third Matt Robertson to second
|
|
Batting: LHB Steve Roepke
|
0-0: SINGLE (Groundball, 4, EV 106.9 MPH) Jim Pankratz scores
|
| Bottom of the 9th over - 2 runs, 3 hits, 0 errors, 2 left on base; Erie 3 - Chattanooga 4 |
|